 Dungeon Crawl Stone Soup version 0.30-a0-168-g0b976cbdc4 (webtiles) character file.

Game seed: 1501386099870591174

289 scionoferis the Shooter (level 6, -5/38 HPs)
             Began as a Kobold Hunter on Sept 29, 2022.
             Slain by a gnoll
             ... wielding a +0 whip
              (7 damage)
             ... on level 3 of the Dungeon.
             The game lasted 00:07:11 (2362 turns).

scionoferis the Shooter (Kobold Hunter)             Turns: 2362, Time: 00:07:12

Health: -5/38      AC:  4    Str: 10    XL:     6   Next: 57%
Magic:  6/6        EV: 14    Int: 10    God:
Gold:   59         SH:  0    Dex: 19    Spells: 4/5 levels left

rFire   . . .      SeeInvis .    b - +2 dagger (freeze)
rCold   . . .      Faith    .    (no shield)
rNeg    . . .      Spirit   .    c - +0 leather armour
rPois   .          Reflect  .    (no helmet)
rElec   .          Harm     .    (no cloak)
rCorr   .          Rampage  .    e - +0 pair of gloves
Will    .....                    (no boots)
Stlth   +++.......               (no amulet)
HPRegen 0.12/turn                (no ring)
MPRegen 0.10/turn                (no ring)

@: hasted, very quick
A: small, no large weapons, nightstalker 3
a: no special abilities


You were on level 3 of the Dungeon.
You visited 1 branch of the dungeon, and saw 3 of its levels.

You collected 59 gold pieces.

Inventory:

Hand Weapons
 a - a +0 shortbow
 b - a +2 dagger of freezing (weapon)
 j - a +0 long sword
Missiles
 n - 7 poisoned darts
Armour
 c - a +0 leather armour (worn)
 e - a +0 pair of gloves (worn)
Jewellery
 k - an amulet of faith
Scrolls
 d - a scroll of immolation
 f - 2 scrolls of identify
 g - a scroll of poison
 h - 3 scrolls of noise {unknown}
 m - a scroll of enchant armour {unknown}
Potions
 i - a potion of flight
 l - a potion of brilliance {unknown}
 o - a potion of haste


   Skills:
 + Level 3.9 Fighting
 * Level 4.5 Short Blades
 + Level 6.4 Ranged Weapons
 + Level 2.0 Armour
 - Level 2.4 Dodging
 - Level 1.3 Stealth


You had 4 spell levels left.
You knew the following spells:

 Your Spells              Type           Power      Damage    Failure   Level
a - Apportation           Tloc           0%         N/A       45%         1

Your spell library contained the following spells:

 Spells                   Type           Power      Damage    Failure   Level
 Necrotise                Necr           0%         1d4       45%         1
 Summon Small Mammal      Summ           0%         N/A       45%         1


Dungeon Overview and Level Annotations

Branches:
Dungeon (3/15)

Altars:


Innate Abilities, Weirdness & Mutations

You are small and have problems with some larger weapons.
You are completely attuned to the shadows.


Message History

* * * LOW HITPOINT WARNING * * *
You hit the orc but do no damage.
The orc is heavily wounded.
You barely miss the orc.
The orc is heavily wounded.
The orc barely misses you.
You hit the orc but do no damage.
The orc is heavily wounded.
The orc misses you.
You hit the orc but do no damage.
The orc is heavily wounded.
The orc closely misses you.
You hit the orc but do no damage.
The orc is heavily wounded.
You hit the orc. You freeze the orc.
The orc is severely wounded.
The orc closely misses you.
You hit the orc. You freeze the orc.
You kill the orc!
A gnoll comes into view. It is wielding a +0 whip.
Unknown command.
It was a potion of haste.
You feel yourself speed up.
Your +2 dagger of freezing stops glowing.
a - a +0 shortbow (weapon)
Fire: a) +0 shortbow
Press: ? - help, Q - select action, (/) - cycle Shift-Dir - straight line, f - gnoll
Aim: a gnoll, wielding a +0 whip (69% to hit)
You shoot an arrow. The arrow hits the gnoll.
The gnoll is moderately wounded.
You hear a shout! x2
Fire: a) +0 shortbow
Press: ? - help, Q - select action, (/) - cycle Shift-Dir - straight line, f/p - gnoll
Aim: a gnoll, wielding a +0 whip (moderately wounded, 69% to hit)
You shoot an arrow. The arrow barely misses the gnoll.
Your +2 dagger of freezing glows with a cold blue light!
b - a +2 dagger of freezing (weapon)
You barely miss the gnoll.
The gnoll is moderately wounded.
The gnoll hits you with a +0 whip!
You die...

#....~≈≈.# #....~~~.#
#.P..~≈~.# #....~≈~.#
#....≈≈~.# #....~~~.#
#....~≈### #...P~≈#
..#########
#....~≈#...#@g...........
#....~~#####≈≈~~~~~~~~~~....~
#....~h≈≈≈≈≈≈≈≈≈≈≈≈≈≈≈~~....~
#P...~~~~~~~ohoo~~~~~~~~....~
#.)..........................
####################>........
#.#.#)#### #.#.#†##..
#.#.#.##..


You could see a gnoll, 3 orcs and a jackal.

Vanquished Creatures
  3 howler monkeys (D:3)
  A hound (D:3)
  2 gnolls (D:3)
  5 adders
  A worm (D:2)
  A dart slug (D:2)
  4 orcs (D:3)
  3 ball pythons
  4 endoplasms
  2 giant cockroaches (D:1)
  2 goblins
  4 hobgoblins
  11 jackals
  2 quokkas (D:1)
  6 bats
  5 frilled lizards
  8 kobolds
  5 rats
69 creatures vanquished.

Notes
Turn   | Place    | Note
-------+----------+-------------------------------------------
     0 | D:1      | scionoferis the Kobold Hunter began the quest for the Orb.
     0 | D:1      | Reached XP level 1. HP: 12/12 MP: 1/1
    25 | D:1      | Reached XP level 2. HP: 18/18 MP: 2/2
   118 | D:1      | Found a faded altar of an unknown god.
   270 | D:1      | Reached skill level 1 in Short Blades
   271 | D:1      | Reached XP level 3. HP: 22/22 MP: 3/3
   367 | D:1      | Learned a level 1 spell: Apportation
  1000 | D:2      | Reached skill level 1 in Armour
  1065 | D:2      | Reached XP level 4. HP: 28/28 MP: 4/4
  1860 | D:3      | Reached XP level 5. HP: 32/32 MP: 5/5
  2038 | D:3      | Reached skill level 6 in Ranged Weapons
  2118 | D:3      | Reached XP level 6. HP: 32/37 MP: 6/6
  2349 | D:3      | HP: 1/38 [orc/+0 flail (5)]
  2362 | D:3      | Slain by a gnoll

Illustrated notes

Levels and vault maps discovered:
D:1:      minmay_arrival_glassed_features, layout_rooms,
          shapermc_ecumenical_altar_mp_highgroup
D:2:      layout_loops_cross, minmay_tromino_v4_b
D:3:      lemuel_castle_with_subvaults [lemuel_castle_interior_original],
          layout_basic, tgw_xom, dk_noncrumbling_2

Skill      XL: |  1  2  3  4  5  6 |
---------------+-------------------+-----
Short Blades   | 1 2 3 4 |  4.5
Fighting       | 3 |  3.9
Armour         | 1 2 |  2.0
Ranged Weapons | 6 |  6.4
Dodging        | |  2.4
Stealth        | |  1.3

Action                   |  1- 3 |  4- 6 || total
-------------------------+-------+-------++-------
Melee: Dagger            |    31 |    50 ||    81
       Punch             |       |     1 ||     1
 Fire: Shortbow          |    73 |    75 ||   148
  Use: Potion            |       |     3 ||     3
       Scroll            |       |     1 ||     1
Armor: Leather armour    |     8 |    21 ||    29
Dodge: Dodged            |    48 |    80 ||   128

Table legend: (Time is in decaauts)
 A = Elapsed time spent in this place.
 B = Non-inter-level travel time spent in this place.
 C = Inter-level travel time spent in this place.
 D = Time resting spent in this place.
 E = Time spent auto-exploring this place.
 F = Levels seen in this place.
 G = Mean time per level.
                   A        B        C        D        E       F      G
               +--------+--------+--------+--------+--------+-----+--------+
         Total |   2370 |   2330 |     40 |      0 |   1833 |   3 |  790.0 |
       Dungeon |   2370 |   2330 |     40 |      0 |   1833 |   3 |  790.0 |
               +--------+--------+--------+--------+--------+-----+--------+

Top non-repeatable levels by time:
     D:3: 1006 daAuts
     D:2: 823 daAuts
     D:1: 540 daAuts
